 Dungeon Crawl Stone Soup version 0.31-a0-672-g7da72447bb (webtiles) character file.

Game seed: 17572475981182483342

1077 bjtr the Geomancer (level 8, -6/43 HPs)
             Began as a Gargoyle Earth Elementalist on Sept 5, 2023.
             Was an Initiate of Vehumet.
             Mangled by a two-headed ogre
             ... wielding a +0 giant club
              (8 damage)
             ... on level 6 of the Dungeon.
             The game lasted 00:21:04 (5467 turns).

bjtr the Geomancer (Gargoyle Earth Elementalist)    Turns: 5467, Time: 00:21:06

Health: -6/43      AC: 12    Str: 12    XL:     8   Next: 29%
Magic:  1/15       EV: 11    Int: 18    God:    Vehumet [......]
Gold:   291        SH:  0    Dex: 10    Spells: 4/17 levels left

rFire   + . .        a - staff of earth
rCold   . . .        (no shield)
rNeg    + . .        l - +1 leather armour {rF+}
rPois   ∞            v - +1 helmet
rElec   +            (no cloak)
rCorr   .            (no gloves)
SInv    .            (no boots)
Will    .....        (no amulet)
Stlth   ++           (no ring)
HPRegen 0.27/turn    (no ring)
MPRegen 0.14/turn

%: no passive effects
@: no status effects
A: sickness immunity, AC +5, negative energy resistance 1, electricity
resistance, torment resistance 1, petrification resistance
a: Renounce Religion


You were on level 6 of the Dungeon.
You worshipped Vehumet.
Vehumet was noncommittal.
You visited 2 branches of the dungeon, and saw 7 of its levels.

You collected 291 gold pieces.

Inventory:

Hand Weapons
 c - a +0 dagger
 k - a +0 dagger of venom
 m - a +0 sling
Missiles
 d - a throwing net
 g - 3 atropa-tipped darts
 x - 6 poisoned darts
Armour
 f - a +0 robe
 l - a +1 leather armour of fire resistance (worn)
 v - a +1 helmet (worn)
Magical Staves
 a - a staff of earth (weapon)
 y - a staff of fire
Wands
 h - a wand of polymorph (11)
 o - a wand of digging (8)
 u - a wand of quicksilver (2)
 w - a wand of mindburst (21)
Scrolls
 e - 3 scrolls of teleportation
 n - a scroll of vulnerability
 z - 3 scrolls of fear
 A - a scroll of silence {unknown}
 B - a scroll of noise {unknown}
 C - a scroll of enchant armour
Potions
 b - a potion of magic
 i - 2 potions of mutation
 j - a potion of lignification
 p - 2 potions of brilliance
 q - 2 potions of curing
 r - a potion of attraction
 s - a potion of enlightenment
 t - a potion of haste {unknown}


   Skills:
 + Level 1.0 Fighting
 + Level 2.8 Armour
 - Level 1.5 Dodging
 + Level 3.0 Stealth
 + Level 5.1 Spellcasting
 * Level 3.1 Conjurations
 - Level 0.7 Transmutations
 * Level 8.3 Earth Magic


You had 4 spell levels left.
You knew the following spells:

 Your Spells              Type           Power      Damage    Failure   Level
a - Sandblast             Erth           100%       2d20      1%          1
b - Passwall              Tmut/Erth      25%        N/A       4%          2
c - Stone Arrow           Conj/Erth      76%        3d11      4%          3
d - Petrify               Tmut/Erth      31%        N/A       26%         4
e - Mephitic Cloud        Conj/Pois/Air  8%         N/A       32%         3

Your spell library contained the following spells:

 Spells                   Type           Power      Damage    Failure   Level
 Apportation              Tloc           8%         N/A       17%         1
 Necrotise                Necr           16%        1d4       17%         1
 Slow                     Hex            16%        N/A       17%         1
 Summon Small Mammal      Summ           16%        N/A       17%         1
 Poisonous Vapours        Pois/Air       8%         N/A       26%         2
 Confusing Touch          Hex            4%         N/A       45%         3
 Vampiric Draining        Necr           4%         2d6       45%         3
 Vhi's Electric Charge    Tloc/Air       8%         N/A       86%         4
 Arcjolt                  Conj/Air       5%         1d15      94%         5
 Freezing Cloud           Conj/Ice/Air   4%         6-21      96%         5
 Maxwell's Capacitive Co  Air            2%         ∞         100%        8


Dungeon Overview and Level Annotations

Branches:
Dungeon (6/15)             Temple (1/1) D:5

Altars:
Ashenzari
Dithmenos
Elyvilon
Gozag
Kikubaaqudgha
Makhleb
Nemelex Xobeh
Okawaru
Qazlal
Sif Muna
Trog
Vehumet
Wu Jian
Xom
Yredelemnul
Zin
The Shining One

Annotations:
D:5 3 runed translucent doors, jlumianski's ghost, novice DsFi


Innate Abilities, Weirdness & Mutations

You are immune to sickness and miasma.
Your stone body is resilient. (AC +5)
You are immune to poison.
You resist negative energy. (rN+)
You are resistant to electric shocks. (rElec)
You are resistant to unholy torment.
You are immune to petrification.


Message History

The two-headed ogre is severely wounded.
The two-headed ogre is no longer petrified.
The two-headed ogre closely misses you.
The two-headed ogre hits you with a +0 dire flail!
Your magical contamination has completely faded away.
Casting: Stone Arrow (dangerous; 4% risk of failure)
Confirm with . or Enter, or press ? or * to list all spells.
You don't have enough magic to cast this spell.
There is an open door here.
Aiming: Mindburst
Press: ? - help, Shift-Dir - straight line, f/p - two-headed ogre
Aim: a two-headed ogre, wielding a +0 giant club and a +0 dire flail (heavily wounded, chance to affect: 47%)
The two-headed ogre's minds are blasted!!
Unknown command.
Hit: a) staff of earth
Press: ? - help, Dir - move target, f/p - two-headed ogre
Aim: a two-headed ogre, wielding a +0 giant club and a +0 dire flail (almost dead, about 26% to evade your staff of earth)
You hit the two-headed ogre but do no damage.
The two-headed ogre is almost dead.
The two-headed ogre hits you with a +0 giant club!
The two-headed ogre hits you with a +0 dire flail.
Unknown command.
Hit: a) staff of earth
Press: ? - help, Dir - move target, f/p - two-headed ogre
Aim: a two-headed ogre, wielding a +0 giant club and a +0 dire flail (almost dead, about 26% to evade your staff of earth)
You hit the two-headed ogre but do no damage.
The two-headed ogre is almost dead.
The two-headed ogre hits you with a +0 giant club!
* * * LOW HITPOINT WARNING * * *
The two-headed ogre barely misses you.
Unknown command.
Casting: Stone Arrow (dangerous; 4% risk of failure)
Confirm with . or Enter, or press ? or * to list all spells.
Aiming: Stone Arrow (dangerous; 4% risk of failure)
Press: ? - help, Shift-Dir - straight line, f/p - two-headed ogre
Aim: a two-headed ogre, wielding a +0 giant club and a +0 dire flail (almost dead, 88% to hit)
You feel a surge of power!
The stone arrow misses the two-headed ogre.
The two-headed ogre hits you with a +0 giant club!
You die...

....##
#.#....#####.....######
###..###
#.#........†...........
##...#
##'#'#######..##########
###.###......###...##
#...#......##..###
###.#......##.##
#........##.#
##.#.#O####.#
#)#.#.#O@..#
#.#.#...####
#......#####
###...>....# ########.#
#.# #.# #.# #.#


You could see a two-headed ogre.

Vanquished Creatures
  A sky beast (D:6)
  A black bear (D:6)
  5 scorpions
  A hound (D:4)
  A jelly (D:6)
  A sleepcap (D:4)
  6 iguanas
  8 gnolls
  6 adders
  2 shadow imps (D:6)
  2 worms
  A dart slug (D:1)
  3 orcs
  5 ball pythons
  7 endoplasms
  5 giant cockroaches
  15 goblins
  9 hobgoblins
  6 jackals (D:2)
  4 kobolds
  3 quokkas
  9 bats
  4 frilled lizards
  3 rats (D:1)
108 creatures vanquished.

Vanquished Creatures (others)
  5 dream sheep (D:5)
5 creatures vanquished.

Grand Total: 113 creatures vanquished

Notes
Turn   | Place    | Note
-------+----------+-------------------------------------------
     0 | D:1      | bjtr the Gargoyle Earth Elementalist began the quest for
                  | the Orb.
     0 | D:1      | Reached XP level 1. HP: 10/10 MP: 3/3
   117 | D:1      | Reached skill level 4 in Earth Magic
   146 | D:1      | Reached XP level 2. HP: 15/15 MP: 3/5
   157 | D:1      | Learned a level 2 spell: Passwall
   232 | D:1      | Found a faded altar of an unknown god.
   331 | D:1      | Reached XP level 3. HP: 15/19 MP: 2/6
   577 | D:1      | Learned a level 3 spell: Mephitic Cloud
  1037 | D:2      | Reached XP level 4. HP: 24/24 MP: 4/8
  1039 | D:2      | Reached skill level 5 in Earth Magic
  1104 | D:2      | Learned a level 3 spell: Stone Arrow
  1374 | D:2      | Found an opulent altar of Gozag.
  1814 | D:3      | Found a stormy altar of Qazlal.
  2025 | D:3      | Reached XP level 5. HP: 28/28 MP: 8/10
  2165 | D:3      | Reached skill level 1 in Armour
  2176 | D:3      | Found a glowing golden altar of the Shining One.
  2919 | D:4      | Reached skill level 1 in Conjurations
  2919 | D:4      | Reached XP level 6. HP: 31/32 MP: 6/11
  3002 | D:4      | Reached skill level 6 in Earth Magic
  3561 | D:5      | Entered Level 5 of the Dungeon
  3590 | D:5      | Found an ancient bone altar of Kikubaaqudgha.
  3879 | D:5      | Noticed jlumianski's ghost (novice DsFi)
  3883 | D:5      | Found a runed translucent gate.
  3883 | D:5      | Found a runed translucent gate.
  3883 | D:5      | Found a runed translucent gate.
  3902 | D:5      | Reached XP level 7. HP: 36/36 MP: 9/13
  4052 | D:5      | Found a staircase to the Ecumenical Temple.
  4061 | Temple   | Entered the Ecumenical Temple
  4070 | Temple   | Became a worshipper of Vehumet
  4178 | D:5      | Noticed a dream sheep
  4178 | D:5      | Noticed a dream sheep
  4178 | D:5      | Noticed a dream sheep
  4178 | D:5      | Noticed a dream sheep
  4178 | D:5      | Noticed a dream sheep
  4178 | D:5      | Found a shimmering altar of Xom.
  4179 | D:5      | Killed a dream sheep
  4179 | D:5      | Killed a dream sheep
  4179 | D:5      | Killed a dream sheep
  4179 | D:5      | Killed a dream sheep
  4179 | D:5      | Killed a dream sheep
  4180 | D:5      | Reached skill level 7 in Earth Magic
  4887 | D:6      | Noticed a two-headed ogre
  4986 | D:6      | Reached XP level 8. HP: 39/41 MP: 9/15
  4991 | D:6      | Learned a level 4 spell: Petrify
  5147 | D:6      | Reached skill level 8 in Earth Magic
  5171 | D:6      | Reached skill level 5 in Spellcasting
  5172 | D:6      | Reached skill level 1 in Fighting
  5466 | D:6      | HP: 2/43 [two-headed ogre/+0 giant club (14)]
  5467 | D:6      | Mangled by a two-headed ogre

Illustrated notes

Levels and vault maps discovered:
D:1:      dpeg_arrival_concentric_ovals, layout_basic,
          shapermc_ecumenical_altar_totnotflames, nicolae_the_louvre
D:2:      layout_basic, basic_altar
D:3:      layout_loops_ring, mainiacjoe_overflow_cross_hatched,
          mainiacjoe_overflow_alcove_1
D:4:      layout_basic
D:5:      layout_loops_ring, lemuel_coloured_pillars_altar,
          kb_xom_exploding_sheep, temple_statues, gammafunk_ghost_split,
          lemuel_flame_loot_1
D:6:      layout_basic, mainiacjoe_overflow_alcove_2
Temple:   dshaligram_water_room_temple

Skill      XL: |  1  2  3  4  5  6  7  8 |
---------------+-------------------------+-----
Earth Magic    | 4 5 6 7 8 |  8.3
Spellcasting   | 3 4 5 |  5.1
Armour         | 1 2 |  2.8
Conjurations   | 1 2 3 |  3.1
Stealth        | 3 |  3.0
Fighting       | 1 |  1.0
Dodging        | |  1.5
Transmutations | |  0.7

Action                     |  1- 3 |  4- 6 |  7- 9 || total
---------------------------+-------+-------+-------++-------
  Melee: Unarmed           |     1 |       |       ||     1
         Staff             |     8 |    63 |    46 ||   117
         Punch             |       |       |     1 ||     1
   Cast: Sandblast         |    39 |    62 |    27 ||   128
         Stone Arrow       |       |       |     4 ||     4
         Passwall          |       |       |     1 ||     1
         Petrify           |       |       |     1 ||     1
  Evoke: Wand              |       |       |     1 ||     1
    Use: Scroll            |       |    13 |     2 ||    15
   Stab: Sleeping          |       |       |     1 ||     1
         Petrified         |       |       |     5 ||     5
 Armour: Robe              |     7 |       |       ||     7
         Leather armour    |       |    60 |    56 ||   116
  Dodge: Dodged            |    11 |    62 |    19 ||    92

Table legend: (Time is in decaauts)
 A = Elapsed time spent in this place.
 B = Non-inter-level travel time spent in this place.
 C = Inter-level travel time spent in this place.
 D = Time resting spent in this place.
 E = Time spent auto-exploring this place.
 F = Levels seen in this place.
 G = Mean time per level.
                   A        B        C        D        E       F      G
               +--------+--------+--------+--------+--------+-----+--------+
         Total |   5551 |   5397 |    154 |    647 |   3725 |   7 |  793.0 |
       Dungeon |   5532 |   5378 |    154 |    647 |   3725 |   6 |  922.0 |
        Temple |     18 |     18 |      0 |      0 |      0 |   1 |   18.0 |
               +--------+--------+--------+--------+--------+-----+--------+

Top non-repeatable levels by time:
     D:5: 1127 daAuts
     D:1: 984 daAuts
     D:2: 978 daAuts
     D:3: 861 daAuts
     D:4: 792 daAuts
     D:6: 788 daAuts
  Temple: 18 daAuts
